 Dungeon Crawl Stone Soup version 0.19-a0-1815-g4007336 (webtiles) character file.

289 4thArraOfDagon the Ruffian (level 6, -1/55 HPs)
             Began as a Troll Wanderer on Oct 5, 2016.
             Slain by Joseph
             ... wielding a +0 quarterstaff
              (11 damage)
             ... on level 7 of the Dungeon.
             The game lasted 00:03:42 (937 turns).

4thArraOfDagon the Ruffian (Troll Wanderer)          Turns: 937, Time: 00:03:43

Health: -1/55      AC:  6    Str: 19    XL:     6   Next: 9%
Magic:  5/5        EV: 10    Int:  9    God:
Gold:   112        SH:  0    Dex: 12    Spells: 0 memorised, 5 levels left

rFire  . . .     SeeInvis .       - Unarmed
rCold  . . .     Gourm    +     d - +1 robe
rNeg   . . .     Faith    .     (no shield)
rPois  .         Spirit   .     (helmet restricted)
rElec  .         Dismiss  .     (no cloak)
rCorr  .         Reflect  .     (gloves unavailable)
MR     .....     Harm     .     (boots unavailable)
Stlth  +.........               (no amulet)
                                (no ring)
                                l - -5 ring of strength (curse)

@: mighty, flying (expiring)
A: unfitting armour, claws 3, fast metabolism 3, gourmand, regeneration 1,
shaggy fur 1, tough skin 2
a: no special abilities


You were on level 7 of the Dungeon.
You were full.

You visited 1 branch of the dungeon, and saw 7 of its levels.

You collected 112 gold pieces.

Inventory:

Hand Weapons
 a - a +2 hand axe
 b - a +0 mace
Missiles
 i - a stone (quivered)
Armour
 d - a +1 robe (worn)
Jewellery
 l - a cursed -5 ring of strength (left claw)
Wands
 c - a wand of random effects (15/48)
Scrolls
 e - 3 scrolls of fog
Potions
 g - a potion of degeneration {unknown}
 n - a potion of haste {unknown}
 o - a potion of cancellation {unknown}
 p - a potion of brilliance {unknown}
 q - a potion of heal wounds {unknown}
Comestibles
 f - 4 bread rations
 k - a meat ration


   Skills:
 - Level 1.0 Fighting
 - Level 1.5(1.9) Axes
 - Level 1.7(2.1) Maces & Flails
 - Level 1.0 Throwing
 - Level 2.4 Dodging
 * Level 6.0 Unarmed Combat
 - Level 1.0 Evocations


You had 5 spell levels left.
You didn't know any spells.

Dungeon Overview and Level Annotations

Branches:
Dungeon (7/15)
 Temple: D:4-7

Altars:
Vehumet

Annotations:
D:7 Joseph


Innate Abilities, Weirdness & Mutations

You are too large for most types of armour.
You have claws for hands.
Your metabolism is lightning-fast.
You like to eat raw meat.
Your natural rate of healing is unusually fast.
You are covered in fur. (AC +1)
You have very tough skin. (AC +2)


Message History

You closely miss Joseph.
Joseph is severely wounded.
Joseph hits you with an uncursed quarterstaff!
* * * LOW HITPOINT WARNING * * *
Unknown command.
Unknown command.
You scratch Joseph.
Joseph is severely wounded.
Unknown command.
Unknown command.
You mangle Joseph!!
Joseph is almost dead.
Joseph hits you but does no damage.
Unknown command.
Unknown command.
You barely miss Joseph.
Joseph is almost dead.
You are starting to lose your buoyancy.
Joseph hits you with an uncursed quarterstaff!
You die...

### ### ### #####.. ..#
#.. ..##.# #.# # #
#.######.##.# #.## .#..
#.##...#.##.#####..###...
#.##.....................
#.##...#.##@.###.....##
#.###.##.###@# ##...##
#.###.##.##...###..##
#........##...#....#
#####.#####...####.# #..#
..... #'## #### .......
##.## ..≈≈≈.. #..## #
.@≈≈≈≈≈.. ##>.## ##


You could see Joseph.

Vanquished Creatures
  A bullfrog (D:6)
  2 scorpions
  2 bullfrog skeletons
  A hound skeleton (D:7)
  4 adders
  A leopard gecko (D:1)
  2 orcs (D:4)
  A giant cockroach (D:3)
  3 goblins (D:1)
  2 hobgoblins (D:3)
  2 ball pythons
  2 bats (D:3)
  5 frilled lizards
  3 kobolds
  A rat (D:1)
32 creatures vanquished.

Notes
Turn   | Place    | Note
-------+----------+-------------------------------------------
     0 | D:1      | 4thArraOfDagon the Troll Wanderer began the quest for the Orb.
     0 | D:1      | 4thArraOfDagon set off with: a +2 hand axe, a +0 mace, a wand of random effects (15/48), a +0 robe, 2 bread rations
     0 | D:1      | Reached XP level 1. HP: 19/19 MP: 0/0
    51 | D:1      | Reached skill level 1 in Unarmed Combat
   185 | D:2      | Reached XP level 2. HP: 26/27 MP: 1/1
   214 | D:3      | Reached skill level 2 in Unarmed Combat
   388 | D:3      | Reached XP level 3. HP: 31/33 MP: 2/2
   507 | D:4      | Noticed a scorpion
   517 | D:4      | Killed a scorpion
   517 | D:4      | Reached skill level 4 in Unarmed Combat
   517 | D:4      | Reached XP level 4. HP: 22/41 MP: 3/3
   583 | D:5      | Entered Level 5 of the Dungeon
   589 | D:5      | Reached XP level 5. HP: 30/48 MP: 4/4
   753 | D:6      | Reached skill level 5 in Unarmed Combat
   801 | D:7      | Reached XP level 6. HP: 32/55 MP: 5/5
   817 | D:7      | Found a radiant altar of Vehumet.
   820 | D:7      | Reached skill level 6 in Unarmed Combat
   885 | D:7      | Noticed Joseph
   937 | D:7      | Slain by Joseph

Vault maps used:
D:1:      roderic_dead_forest
D:3:      ecumenical_altar_2
D:4:      first_bread, portal_sewer_entry_b
D:5:      serial_shops, nicolae_shop_statue_plus, nicolae_shop_behind_doors
D:6:      grunt_temple_overflow_bloody_war, gammafunk_temple_overflow_elements
D:7:      tgw_sif, vehumet_crystals, uniq_prince_ribbit1, uniq_joseph

Skill      XL: |  1  2  3  4  5  6 |
---------------+-------------------+-----
Unarmed Combat | 1 2 4 5 6 |  6.0
Fighting       | |  1.0
Axes           | |  1.5
Maces & Flails | |  1.7
Throwing       | |  1.0
Dodging        | |  2.4
Evocations     | |  1.0

Action                   |  1- 3 |  4- 6 || total
-------------------------+-------+-------++-------
Melee: Unarmed           |    65 |    54 ||   119
       Punch             |     1 |     1 ||     2
  Use: Scroll            |     5 |     2 ||     7
       Potion            |       |     4 ||     4
 Stab: Sleeping          |       |     2 ||     2
  Eat: Chunk             |     8 |     3 ||    11
Armor: Robe              |    27 |    13 ||    40
Dodge: Dodged            |    23 |    20 ||    43
